 Dungeon Crawl Stone Soup version 0.22-a0-580-gd5db89c (webtiles) character file.

195627 nikopol the Sorcerer (level 17, -3/86 HPs)
             Began as a Deep Elf Fire Elementalist on July 1, 2018.
             Was the Champion of Vehumet.
             Slain by a sixfirhy (11 damage)
             ... led by a cacodemon
             ... on level 2 of the Abyss on July 2, 2018.
             The game lasted 03:26:07 (38000 turns).

nikopol the Sorcerer (Deep Elf Fire Elementalist)  Turns: 38000, Time: 03:26:07

Health: -3/86      AC:  8    Str:  7    XL:     17   Next: 71%
Magic:  17/60      EV: 16    Int: 35    God:    Vehumet [******]
Gold:   2436       SH:  8    Dex: 15    Spells: 22/60 levels left

rFire    + + +     SeeInvis .   x - staff of power
rCold    + . .     Gourm    +   u - +3 buckler of the Griffon {Int+5}
rNeg     . . .     Faith    .   p - +0 robe of Surprise {+Inv rC+ Regen+ Str+2} (curse)
rPois    +         Spirit   .   a - +3 hat "Onogru" {rPois MR+ Int+2}
rElec    .         Reflect  .   A - scarf {rC+ rF+}
rCorr    .         Harm     .   v - +1 pair of gloves
MR       ++...                  R - +0 pair of boots "Daxa" {+Fly rF+ Stlth+}
Stlth    ++++......             t - amulet of the gourmand
HPRegen  0.00/turn              B - ring of fire
MPRegen  0.37/turn              e - ring of poison resistance

@: about to teleport, very slightly contaminated, non-regenerating, mildly
diseased, slowed, very slow
A: no striking features
}: 1/15 runes: decaying
a: Renounce Religion, Evoke Invisibility, Evoke Flight


You were on level 2 of the Abyss.
You worshipped Vehumet.
Vehumet was exalted by your worship.
You were very full.

You visited 5 branches of the dungeon, and saw 29 of its levels.
You visited the Abyss 1 time.

You collected 3099 gold pieces.
You spent 663 gold pieces at shops.

Inventory:

Armour
 a - the +3 hat "Onogru" (worn) {rPois MR+ Int+2}
   (You found it on level 1 of the Orcish Mines)

   It affects your intelligence (+2).
   It protects you from poison.
   It affects your resistance to hostile enchantments.
 p - the cursed +0 robe of Surprise (worn) {+Inv rC+ Regen+ Str+2}
   (You took it off an orc priest on level 2 of the Orcish Mines)

   It affects your strength (+2).
   It protects you from cold.
   It lets you turn invisible.
   It increases your rate of regeneration.
   It has a curse placed upon it.
 u - the +3 buckler of the Griffon (worn) {Int+5}
   (You found it on level 5 of the Dungeon)

   It affects your intelligence (+5).
 v - a +1 pair of gloves (worn)
 A - a scarf of resistance (worn)
 M - a +2 pair of boots of flying
 R - the +0 pair of boots "Daxa" (worn) {+Fly rF+ Stlth+}
   (You bought it in a shop on level 10 of the Dungeon)

   It protects you from fire.
   It lets you fly.
   It makes you more stealthy.
Magical Staves
 x - an uncursed staff of power (weapon)
Jewellery
 e - a ring of poison resistance (right hand)
 t - an amulet of the gourmand (around neck)
 B - a ring of fire (left hand)
 I - an uncursed ring of wizardry
 Q - an uncursed ring of resist corrosion
Wands
 j - a wand of clouds (10)
 y - a wand of polymorph (31)
 C - a wand of flame (96)
 F - a wand of paralysis (27)
 G - a wand of enslavement (33)
 H - a wand of disintegration (17)
 L - a wand of scattershot (1)
 O - a wand of iceblast (14)
 U - a wand of digging (31)
 X - a wand of random effects (68)
Scrolls
 d - 16 scrolls of remove curse
 i - 10 scrolls of teleportation
 k - a scroll of silence {unknown}
 n - 2 scrolls of magic mapping
 o - 3 scrolls of enchant weapon
 w - 2 scrolls of holy word
 z - 6 scrolls of fog
 D - 5 scrolls of enchant armour
 K - 10 scrolls of identify
 N - a scroll of blinking
 W - a scroll of summoning
 Y - 6 scrolls of amnesia
 Z - 5 scrolls of fear
Potions
 b - 3 potions of lignification
 f - 6 potions of agility
 g - 4 potions of flight
 h - 9 potions of brilliance
 l - 8 potions of heal wounds
 m - 8 potions of curing
 q - 4 potions of mutation
 r - 4 potions of might
 s - 6 potions of ambrosia
 E - 2 potions of berserk rage
 J - a potion of cancellation
 T - 4 potions of haste
 V - a potion of resistance
Comestibles
 c - 56 rations


   Skills:
 + Level 2.6 Fighting
 + Level 6.0 Dodging
 + Level 5.7 Stealth
 + Level 5.6 Shields
 + Level 22.0 Spellcasting
 + Level 17.9 Conjurations
 * Level 8.7 Translocations
 + Level 17.1 Fire Magic
 + Level 5.2 Earth Magic
 + Level 0.4 Evocations


You had 22 spell levels left.
You knew the following spells:

 Your Spells              Type           Power        Failure   Level  Hunger
a - Flame Tongue          Conj/Fire      #####        0%          1    None
b - Throw Flame           Conj/Fire      ######       0%          2    None
c - Conjure Flame         Conj/Fire      ########     0%          3    None
d - Sticky Flame          Conj/Fire      ########     0%          4    None
e - Fireball              Conj/Fire      ########..   0%          5    None
f - Throw Icicle          Conj/Ice       #######.     1%          4    None
g - Iron Shot             Conj/Erth      #######...   1%          6    None
h - Bolt of Magma         Conj/Fire/Erth ########..   1%          5    None
i - Controlled Blink      Tloc           N/A          78%         8    ###....

Your spell library contained the following spells:

 Spells                   Type           Power        Failure   Level  Hunger
 Cause Fear               Hex            #####.....   7%          4    None
 Magic Dart               Conj           ####         0%          1    None
 Bolt of Fire             Conj/Fire      ########..   1%          6    None
 Bolt of Cold             Conj/Ice       #######...   1%          6    None
 Slow                     Hex            #####...     1%          2    None
 Confuse                  Hex            #####...     2%          3    None
 Invisibility             Hex            #####...     73%         6    None
 Freezing Cloud           Conj/Ice/Air   ######....   2%          6    None
 Mephitic Cloud           Conj/Pois/Air  ######..     1%          3    None
 Venom Bolt               Conj/Pois      #######...   1%          5    None
 Blink                    Tloc           N/A          1%          2    None
 Iskenderun's Mystic Bla  Conj           ########     0%          4    None
 Summon Horrible Things   Summ           #####.....   100%        8    ###....
 Animate Dead             Necr           N/A          7%          4    None
 Pain                     Necr           ####         1%          1    None
 Animate Skeleton         Necr           N/A          1%          1    None
 Vampiric Draining        Necr           #####.....   2%          3    None
 Ozocubu's Refrigeration  Ice            #####.....   28%         6    None
 Summon Ice Beast         Ice/Summ       #####...     7%          4    None
 Call Imp                 Summ           #####...     1%          2    None
 Regeneration             Chrm/Necr      #####.....   2%          3    None
 Tukima's Dance           Hex            #####...     2%          3    None
 Summon Greater Demon     Summ           #####.....   99%         7    None
 Corpse Rot               Necr           N/A          1%          2    None
 Swiftness                Chrm/Air       #####...     1%          2    None
 Recall                   Summ/Tloc      N/A          1%          3    None
 Ice Form                 Ice/Tmut       #####...     7%          4    None
 Dragon Form              Tmut           #####.....   99%         7    None
 Death Channel            Necr           #####.....   73%         6    None
 Passwall                 Tmut/Erth      ######..     1%          2    None
 Call Canine Familiar     Summ           #####...     2%          3    None
 Ensorcelled Hibernation  Hex/Ice        #####.       1%          2    None
 Metabolic Englaciation   Hex/Ice        #####.....   21%         5    None
 Summon Butterflies       Summ           #####...     1%          1    None
 Corona                   Hex            #####..      1%          1    None
 Lee's Rapid Deconstruct  Erth           ######....   1%          5    None
 Simulacrum               Ice/Necr       #####.....   73%         6    None
 Monstrous Menagerie      Summ           #####.....   99%         7    None
 Passage of Golubria      Tloc           N/A          1%          4    None
 Orb of Destruction       Conj           ########..   1%          7    None
 Malign Gateway           Summ/Tloc      ######....   71%         7    None
 Summon Hydra             Summ           #####.....   99%         7    None
 Darkness                 Hex            #####.....   73%         6    None
 Shroud of Golubria       Chrm/Tloc      ######....   1%          2    None
 Inner Flame              Hex/Fire       #######.     1%          3    None
 Iskenderun's Battlesphe  Conj/Chrm      #######.     1%          5    None
 Fulminant Prism          Conj/Hex       #######...   1%          4    None
 Dazzling Spray           Conj/Hex       ######       1%          3    None
 Force Lance              Conj/Tloc      #######.     1%          4    None
 Infusion                 Chrm           ####         1%          1    None
 Song of Slaying          Chrm           #####...     1%          2    None
 Spectral Weapon          Hex/Chrm       #####...     2%          3    None
 Searing Ray              Conj           ######       0%          2    None
 Dragon's Call            Summ           #####.....   100%        9    #####..
 Spellforged Servitor     Conj/Summ      #######...   4%          7    None
 Summon Mana Viper        Hex/Summ       #####...     21%         5    None
 Gell's Gravitas          Tloc           #######...   1%          3    None
 Borgnjor's Vile Clutch   Necr/Erth      ######....   7%          5    None


Dungeon Overview and Level Annotations

Branches:
Dungeon (15/15)            Temple (0/1) D:6            Lair (6/6) D:9
  Swamp (4/4) Lair:3       Spider (0/4) Lair:4        Slime (0/5) Lair:6
    Orc (2/2) D:11            Elf (2/3) Orc:2        Vaults (0/5) D:14
 Depths (0/5) D:15

Altars:
Ashenzari
Dithmenos
Fedhas
Hepliaklqana
Kikubaaqudgha
Okawaru
Uskayaw
Vehumet
Wu Jian
Xom
The Shining One
Beogh

Shops:
D:4 [   D:8 [   D:10 [   D:11 [   D:15 *   Orc:1 ?   Orc:2 =*[(:   Elf:2 }*


Message History

The raiju blinks!
A white imp comes into view.
The raiju bites you.
* * * LOW HITPOINT WARNING * * *
The raiju shocks you!
* * * LOW HITPOINT WARNING * * *
Blink to where?
Press: ? - help, Dir - move target cursor You are very lightly contaminated with residual magic.
As you read the scroll of blinking, it crumbles to dust.
An ancient zyme comes into view.
You feel ill.
As you read the scroll of teleportation, it crumbles to dust.
You feel strangely unstable.
You feel the power of the Abyss delaying your translocation!
The sixfirhy hits you but does no damage.
You block the sixfirhy's attack. The sixfirhy hits you.
* * * LOW HITPOINT WARNING * * *
The sixfirhy shocks you!
You die...

## # . . . . ..
. .
....###########
..
.......@......#
.
....#.##3.....#
. . # .#......#
.#..[...# # . .
#..2...#.# # .
#.h..5.... . .
#....x.##. # .
.##.###.4. ..
### ###


You could see a cacodemon, an orange demon (wandering), an ancient zyme, a
sixfirhy, a raiju and a white imp.

Vanquished Creatures
  A tentacled monstrosity (Swamp:4)
  A tentacled starspawn (Abyss:2)
  Gastronok (Lair:1)
  Kirke (Lair:4)
  4 thorn hunters
  4 orc warlords
  Aizul (Swamp:1)
  A very ugly thing (Swamp:4)
  A dire elephant (Lair:6)
  The ghost of Hilipneuta the Quickloader, a journeyman GnWn of Nemelex Xobeh (Orc:1)
  Josephine (Lair:5)
  The ghost of Ejegaot the Grappler, a journeyman TrMo of Cheibriados (D:14)
  A yaktaur captain (D:15)
  A deep elf high priest (Elf:1)
  Fannar (Lair:2)
  24 hydras
  Erolcha (D:11)
  Harold (Lair:4)
  6 ghost crabs
  2 catoblepae
  4 centaur warriors
  A spectral stone giant (D:14)
  7 two-headed ogres
  6 alligators
  An ogre mage (D:14)
  3 dancing weapons (Elf:1)
  A deep troll shaman (Lair:6)
  5 death yaks (Lair:6)
  6 orc high priests
  A soul eater (Abyss:2)
  Sonja (D:10)
  6 deep elf knights
  A spectral yaktaur (D:14)
  4 skeletal warriors (D:11)
  Nergalle (D:12)
  A shadow wraith (Abyss:2)
  5 spriggan druids
  2 unseen horrors
  2 large abominations (Abyss:2)
  7 swamp dragons
  4 shambling mangroves
  A starcursed mass (Abyss:2)
  4 deep elf archers
  28 ugly things
  29 deep elf magi
  6 orc sorcerers
  13 orc knights
  4 cyclopes
  5 manticores
  5 elephants (Lair:6)
  Joseph (Lair:1)
  5 black mambas
  A gargoyle (D:14)
  A torpor snail (Lair:4)
  A yaktaur zombie (D:14)
  An orange demon (Abyss:2)
  A rime drake (Lair:6)
  13 spiny frogs
  5 yaktaurs
  9 komodo dragons
  A freezing wraith (D:15)
  An efreet (D:15)
  6 trolls
  3 ancient zymes (Abyss:2)
  2 polar bears (Lair:6)
  9 tyrant leeches
  Grinder (D:6)
  A raiju (Abyss:2)
  8 bog bodies
  17 slime creatures
  A wolf spider simulacrum (D:10)
  13 hornets
  9 hippogriffs
  A fire giant simulacrum (D:14)
  12 blink frogs
  An air elemental (Elf:1)
  2 redbacks (Lair:4)
  4 spriggans
  3 shadows
  5 wyverns
  4 wraiths (Lair:5)
  3 basilisks
  51 yaks
  A vampire (D:14)
  Eustachio (D:4)
  5 hogs
  A fire elemental (Elf:1)
  9 wargs
  8 vampire mosquitoes
  2 hungry ghosts
  3 chaos spawn (Abyss:2)
  2 soldier ants
  9 swamp worms
  4 water moccasins
  2 hell hounds (D:9)
  7 porcupines
  11 swamp drakes
  45 orc warriors
  A deep troll simulacrum (D:14)
  7 ice beasts
  4 sky beasts
  A hornet zombie (D:8)
  An ice dragon simulacrum (D:14)
  A necrophage (D:6)
  An eye of draining (Abyss:2)
  11 ogres
  15 centaurs
  2 phantoms
  9 wolves
  8 crocodiles
  6 big kobolds
  2 earth elementals (Elf:1)
  15 bullfrogs
  3 scorpions
  A small abomination (Abyss:2)
  A water moccasin skeleton (D:11)
  7 killer bees
  2 wights (D:9)
  5 howler monkeys
  3 crimson imps
  7 centaur zombies
  A bullfrog zombie (D:10)
  A quasit (D:9)
  4 human zombies (D:9)
  5 hounds
  10 jellies
  33 orc priests
  36 orc wizards
  9 centaur skeletons
  A bullfrog skeleton (D:3)
  3 human skeletons (D:9)
  7 worker ants
  3 iguanas
  A tengu simulacrum (D:14)
  An ogre zombie (D:9)
  2 hound skeletons
  2 mummies (D:9)
  12 gnolls
  10 adders
  4 shadow imps
  A white imp (Abyss:2)
  An ufetubus (Abyss:2)
  5 oozes
  2 adder zombies
  An adder skeleton (D:5)
  2 worms
  6 leopard geckos
  115 orcs
  7 bats
  6 giant cockroaches
  2 goblins
  10 hobgoblins
  15 jackals
  21 kobolds
  4 quokkas
  3 ball pythons
  A leopard gecko zombie (D:5)
  7 rats
  2 bushes (Lair:6)
  6 plants (Lair:6)
  A starspawn tentacle (Abyss:2)
1001 creatures vanquished.

Vanquished Creatures (others)
  Sigmund (D:6)
  An orc wizard (D:12)
  A dart slug (D:2)
  A bush (Lair:5)
  11 fungi
  6 plants
  A starspawn tentacle (Abyss:2)
  8 toadstools (D:7)
30 creatures vanquished.

Grand Total: 1031 creatures vanquished

Notes
Turn   | Place    | Note
-------+----------+-------------------------------------------
     0 | D:1      | nikopol the Deep Elf Fire Elementalist began the quest for the Orb.
     0 | D:1      | Reached XP level 1. HP: 10/10 MP: 6/6
   239 | D:1      | Reached XP level 2. HP: 9/15 MP: 0/8
   575 | D:1      | Reached XP level 3. HP: 19/19 MP: 6/10
  1511 | D:2      | Found a hazy altar of Hepliaklqana.
  1603 | D:2      | Reached skill level 4 in Spellcasting
  1800 | D:3      | Reached XP level 4. HP: 24/24 MP: 7/12
  1836 | D:3      | Found a shadowy altar of Dithmenos.
  1836 | D:3      | Found a shattered altar of Ashenzari.
  2258 | D:3      | Reached XP level 5. HP: 26/28 MP: 7/13
  2264 | D:3      | Reached skill level 1 in Fighting
  2275 | D:3      | Learned a level 2 spell: Throw Flame
  2279 | D:3      | Learned a level 3 spell: Conjure Flame
  2284 | D:3      | Learned a level 4 spell: Sticky Flame
  2966 | D:3      | Found a blossoming altar of Fedhas.
  3003 | D:3      | Reached skill level 5 in Fire Magic
  3005 | D:3      | Reached XP level 6. HP: 25/34 MP: 5/14
  3380 | D:3      | Found a shimmering altar of Xom.
  3381 | D:3      | Found an iron altar of Okawaru.
  3457 | D:3      | Found an ornate altar of the Wu Jian Council.
  3565 | D:4      | Reached skill level 5 in Spellcasting
  3627 | D:4      | Found a hide-covered altar of Uskayaw.
  3867 | D:4      | Found Niexiu's Antique Armour Shop.
  3927 | D:4      | Bought a heavy robe for 159 gold pieces
  3937 | D:4      | Identified the +2 robe of Quinaqal {-Tele rC+++ Str-2 Int+4} (You bought it in a shop on level 4 of the Dungeon)
  4011 | D:4      | Noticed Sigmund
  4013 | D:4      | Noticed Eustachio
  4136 | D:4      | Learned a level 5 spell: Fireball
  4153 | D:4      | Killed Eustachio
  4153 | D:4      | Reached XP level 7. HP: 38/38 MP: 6/17
  4423 | D:5      | Entered Level 5 of the Dungeon
  4426 | D:5      | Found a shimmering altar of Xom.
  4487 | D:5      | Got an ichor-stained buckler
  4493 | D:5      | Identified the +3 buckler of the Griffon {Int+5} (You found it on level 5 of the Dungeon)
  5283 | D:5      | Reached skill level 5 in Conjurations
  5461 | D:6      | Found a radiant altar of Vehumet.
  5585 | D:6      | Reached skill level 6 in Spellcasting
  5633 | D:6      | Killed Sigmund
  5757 | D:6      | Reached skill level 1 in Shields
  5757 | D:6      | Reached XP level 8. HP: 43/43 MP: 15/19
  5774 | D:6      | Noticed Grinder
  5777 | D:6      | Paralysed by Grinder for 4 turns
  5787 | D:6      | Killed Grinder
  6019 | D:6      | Reached skill level 7 in Spellcasting
  6131 | D:6      | Became a worshipper of Vehumet
  6187 | D:6      | Found a transporter.
  6359 | D:6      | Lost strength.
  6542 | D:6      | Found a staircase to the Ecumenical Temple.
  6590 | D:6      | Found a transporter.
  6710 | D:7      | Reached skill level 8 in Spellcasting
  6777 | D:7      | Noticed a hippogriff
  6787 | D:7      | Killed a hippogriff
  6787 | D:7      | Reached XP level 9. HP: 34/47 MP: 23/23
  7440 | D:7      | Reached * piety under Vehumet
  7440 | D:7      | Offered knowledge of Shock by Vehumet.
  7440 | D:7      | Reached skill level 9 in Spellcasting
  7948 | D:8      | Noticed a two-headed ogre
  7959 | D:8      | Killed a two-headed ogre
  7959 | D:8      | Reached skill level 10 in Spellcasting
  7959 | D:8      | Reached XP level 10. HP: 52/52 MP: 26/26
  8189 | D:8      | Offered knowledge of Sandblast by Vehumet.
  8189 | D:8      | Reached ** piety under Vehumet
  8285 | D:8      | Found Eclot Roeru's Antique Armour Shoppe.
  8359 | D:8      | Noticed a two-headed ogre
  8366 | D:8      | Killed a two-headed ogre
  8367 | D:8      | Reached skill level 11 in Spellcasting
  8882 | D:9      | Found a staircase to the Lair.
  9296 | D:9      | Offered knowledge of Mephitic Cloud by Vehumet.
  9422 | D:9      | Noticed a two-headed ogre
  9427 | D:9      | Reached *** piety under Vehumet
  9427 | D:9      | Reached skill level 10 in Fire Magic
  9435 | D:9      | Killed a two-headed ogre
  9435 | D:9      | Reached XP level 11. HP: 56/56 MP: 22/28
  9757 | D:9      | Found an ancient bone altar of Kikubaaqudgha.
  9763 | D:9      | Reached skill level 10 in Conjurations
 10068 | D:10     | Entered Level 10 of the Dungeon
 10167 | D:10     | Noticed Sonja
 10170 | D:10     | Killed Sonja
 10170 | D:10     | Reached skill level 12 in Spellcasting
 10272 | D:10     | Noticed an unseen horror
 10275 | D:10     | Killed an unseen horror
 10405 | D:10     | Offered knowledge of Fulminant Prism by Vehumet.
 10734 | D:10     | Found Ifromest's Antique Armour Boutique.
 10737 | D:10     | Bought a transparent robe for 148 gold pieces
 10737 | D:10     | Bought a pair of distressingly furry boots for 247 gold pieces
 10747 | D:10     | Identified the +1 robe of the Blind Marksman {rF+++ Str+2 Int-3 Dex+5} (You bought it in a shop on level 10 of the Dungeon)
 10752 | D:10     | Identified the +0 pair of boots "Daxa" {+Fly rF+ Stlth+} (You bought it in a shop on level 10 of the Dungeon)
 11316 | Lair:1   | Entered Level 1 of the Lair of Beasts
 11316 | Lair:1   | Noticed Joseph
 11318 | Lair:1   | Noticed Gastronok
 11319 | Lair:1   | Killed Joseph
 11561 | Lair:1   | Killed Gastronok
 11708 | Lair:1   | Reached skill level 13 in Spellcasting
 11907 | Lair:1   | Noticed an eight-headed hydra
 11913 | Lair:1   | Killed an eight-headed hydra
 12514 | Lair:2   | Reached XP level 12. HP: 48/62 MP: 23/31
 12721 | Lair:2   | Noticed a five-headed hydra
 12725 | Lair:2   | Killed a five-headed hydra
 12725 | Lair:2   | Reached skill level 14 in Spellcasting
 12735 | Lair:2   | Noticed Fannar
 12775 | Lair:2   | Killed Fannar
 12942 | Lair:2   | Reached **** piety under Vehumet
 13475 | Lair:3   | Noticed a catoblepas
 13487 | Lair:3   | Killed a catoblepas
 13487 | Lair:3   | Offered knowledge of Static Discharge by Vehumet.
 13809 | Lair:3   | Found a staircase to the Swamp.
 13905 | Lair:3   | Found a hide-covered altar of Uskayaw.
 14590 | Lair:4   | Reached skill level 15 in Spellcasting
 14600 | Lair:4   | Noticed an eight-headed hydra
 15177 | Lair:4   | Noticed Harold
 15181 | Lair:4   | Killed Harold
 15191 | Lair:4   | Reached XP level 13. HP: 57/66 MP: 24/34
 15194 | Lair:4   | Reached skill level 5 in Shields
 15400 | Lair:4   | Noticed Kirke
 15518 | Lair:3   | Reached ***** piety under Vehumet
 15518 | Lair:3   | Offered knowledge of Throw Icicle by Vehumet.
 15533 | Lair:3   | Learned a level 4 spell: Throw Icicle
 15688 | Lair:4   | Found a hole to the Spider Nest.
 16056 | Lair:5   | Noticed Josephine
 16064 | Lair:5   | Killed Josephine
 16901 | Lair:6   | Entered Level 6 of the Lair of Beasts
 16942 | Lair:6   | Reached skill level 16 in Spellcasting
 17548 | Lair:6   | Identified 2 scrolls of acquirement
 17558 | Lair:6   | Got a warped bone ring
 17560 | Lair:6   | Identified the ring "Dotzyj" {rF+ rC- Str+2 Slay+3 Stlth+} (You acquired it on level 6 of the Lair of Beasts)
 17792 | Lair:6   | Found a staircase to the Slime Pits.
 18184 | Lair:6   | Reached skill level 5 in Stealth
 18742 | Lair:6   | Reached skill level 5 in Dodging
 18802 | Lair:6   | Noticed a dire elephant
 18820 | Lair:6   | Killed a dire elephant
 18984 | Lair:4   | Killed Kirke
 18984 | Lair:4   | Reached skill level 17 in Spellcasting
 19131 | D:11     | Reached XP level 14. HP: 72/72 MP: 30/37
 19425 | D:11     | Found Katoghyod's Antique Armour Shoppe.
 19434 | D:11     | Upgraded the game from 0.22-a0-571-g4a923d4 to 0.22-a0-580-gd5db89c
 19751 | D:11     | Noticed Erolcha
 19753 | D:11     | Killed Erolcha
 19874 | D:11     | Found a staircase to the Orcish Mines.
 19885 | D:11     | Found a roughly hewn altar of Beogh.
 19891 | D:11     | Got a translucent tin ring
 20775 | D:12     | Noticed Nergalle
 20778 | D:12     | Killed Nergalle
 21111 | D:12     | Got a transparent pewter amulet
 21112 | D:12     | Identified the amulet "Mionlut" {Harm *Contam *Drain +Blink +Inv rC+} (You acquired it on level 12 of the Dungeon)
 21116 | D:12     | Lost strength.
 21116 | D:12     | Identified the ring "Yzyneom" {+Blink rN+ Str-5 Dex+2 Stlth-} (You took it off an orc on level 11 of the Dungeon)
 21169 | Orc:1    | Entered Level 1 of the Orcish Mines
 21474 | Orc:2    | Entered Level 2 of the Orcish Mines
 21586 | Orc:2    | Found a staircase to the Elven Halls.
 21595 | Orc:2    | Found Zakap's Book Shoppe.
 21746 | Orc:2    | Offered knowledge of Orb of Destruction by Vehumet.
 21990 | Orc:2    | Reached skill level 18 in Spellcasting
 22145 | Orc:1    | Paralysed by an orc sorcerer for 3 turns
 23024 | Orc:2    | Reached skill level 15 in Conjurations
 23441 | Orc:1    | Paralysed by an orc sorcerer for 6 turns
 23591 | Orc:1    | Found a runed gate.
 23594 | Orc:1    | Noticed Hilipneuta's ghost (journeyman GnWn)
 23599 | Orc:1    | Found a runed gate.
 23600 | Orc:1    | Found a runed gate.
 23601 | Orc:1    | Noticed an orc warlord
 23610 | Orc:1    | Found a roughly hewn altar of Beogh.
 23669 | Orc:1    | Found Mayj's Magic Scroll Shoppe.
 23677 | Orc:1    | Bought a scroll of teleportation for 42 gold pieces
 23933 | Orc:2    | Offered knowledge of Bolt of Draining by Vehumet.
 24431 | Orc:2    | Noticed an orc warlord
 24462 | Orc:2    | Killed an orc warlord
 24462 | Orc:2    | Reached skill level 15 in Fire Magic
 24692 | Orc:2    | Noticed an orc warlord
 24699 | Orc:2    | Killed an orc warlord
 24840 | Orc:2    | Found Tenles's General Store.
 24841 | Orc:2    | Found Efyguv's Jewellery Boutique.
 24842 | Orc:2    | Found Gith's Antique Armour Boutique.
 24842 | Orc:2    | Found Fapra's Antique Weapon Shop.
 24944 | Orc:2    | Got a faintly glowing robe
 24968 | Orc:2    | Reached XP level 15. HP: 55/76 MP: 25/39
 25018 | Orc:2    | Noticed an orc warlord
 25147 | Orc:2    | Identified the cursed +0 robe of Surprise {+Inv rC+ Regen+ Str+2} (You took it off an orc priest on level 2 of the Orcish Mines)
 25240 | Orc:2    | Killed an orc warlord
 25596 | Orc:2    | Identified the Guide on Black Magic and Orientation
 25610 | Orc:2    | Learned a level 6 spell: Iron Shot
 25616 | Orc:2    | Learned a level 5 spell: Bolt of Magma
 25930 | Orc:1    | Killed Hilipneuta's ghost
 26132 | Orc:1    | Reached skill level 19 in Spellcasting
 26236 | Orc:1    | Bought a scroll of identify for 28 gold pieces
 26394 | Orc:1    | Killed an orc warlord
 26543 | Orc:1    | Got a translucent hat
 26555 | Orc:1    | Identified the +3 hat "Onogru" {rPois MR+ Int+2} (You found it on level 1 of the Orcish Mines)
 26694 | D:13     | Reached skill level 1 in Earth Magic
 28337 | D:14     | Reached ****** piety under Vehumet
 28525 | D:14     | Offered knowledge of Lee's Rapid Deconstruction by Vehumet.
 28763 | D:14     | Learned a level 8 spell: Controlled Blink
 28908 | D:14     | Reached skill level 1 in Translocations
 29210 | D:14     | Found a gate to the Vaults.
 29240 | D:14     | Found a runed gate.
 29241 | D:14     | Found a runed gate.
 29242 | D:14     | Found a runed gate.
 29249 | D:14     | Noticed Ejegaot's ghost (journeyman TrMo)
 29693 | D:14     | Killed Ejegaot's ghost
 29971 | D:15     | Entered Level 15 of the Dungeon
 30431 | D:15     | Reached skill level 20 in Spellcasting
 30586 | D:15     | Found Tennuibb's Assorted Antiques.
 30590 | D:15     | Reached XP level 16. HP: 81/81 MP: 42/42
 31171 | D:15     | Found a glowing golden altar of the Shining One.
 31314 | D:15     | Found a staircase to the Depths.
 31596 | Swamp:1  | Entered Level 1 of the Swamp
 31833 | Swamp:1  | Noticed Aizul
 31838 | Swamp:1  | Killed Aizul
 32541 | Swamp:2  | Reached skill level 5 in Translocations
 33604 | Swamp:3  | Offered knowledge of Poison Arrow by Vehumet.
 34041 | Swamp:3  | Noticed a thorn hunter
 34048 | Swamp:3  | Killed a thorn hunter
 34349 | Swamp:4  | Entered Level 4 of the Swamp
 34443 | Swamp:4  | Reached skill level 21 in Spellcasting
 34830 | Swamp:4  | Noticed a thorn hunter
 34833 | Swamp:4  | Killed a thorn hunter
 34839 | Swamp:4  | Noticed a thorn hunter
 34839 | Swamp:4  | Killed a thorn hunter
 34839 | Swamp:4  | Reached XP level 17. HP: 85/85 MP: 18/44
 35313 | Swamp:4  | Got a decaying rune of Zot
 35457 | Swamp:4  | Noticed a tentacled monstrosity
 35464 | Swamp:4  | Killed a tentacled monstrosity
 36169 | Elf:1    | Entered Level 1 of the Elven Halls
 36371 | Elf:1    | Offered knowledge of Conjure Ball Lightning by Vehumet.
 37079 | Elf:1    | Reached skill level 5 in Earth Magic
 37174 | Elf:1    | Got a faintly glowing amber ring
 37176 | Elf:1    | Identified the ring of the Thirsty Souls {-Tele +Fly rPois Dex+7} (You found it on level 1 of the Elven Halls)
 37346 | Elf:2    | Found Plog's General Store.
 37389 | Elf:2    | Bought a scroll of teleportation for 39 gold pieces
 37482 | Elf:2    | Found Waarocs's Gadget Shop.
 37519 | Elf:2    | Cast into level 2 of the Abyss (a deep elf sorcerer)
 37884 | Abyss:2  | Reached skill level 22 in Spellcasting
 38000 | Abyss:2  | Slain by a sixfirhy

Vault maps used:
D:1:      nzn_arrival_depleted_hourglass, minmay_misc_feat_doors
D:2:      lemuel_crystal_altar, minmay_misc_feat_four_crosses,
          lemuel_flame_loot_1
D:3:      ashenzari_altar_1, nicolae_overflow_hidden_temple,
          gammafunk_temple_overflow_pools, lemuel_crystal_altar, first_ration,
          grunt_ministairs_2
D:4:      nicolae_overflow_crystal_walls, serial_shops, shop_statue,
          uniq_sigmund, uniq_eustachio
D:5:      xom_teletrap_fun
D:6:      gammafunk_cloud_chamber, vehumet_altar_wand_db, temple_green,
          roderic_roman_lattice, uniq_grinder
D:7:      cheibrodos_fertilizer
D:8:      serial_shops, nicolae_shop_crystal
D:9:      lemuel_mausoleum_altar_kikubaaqudgha, minmay_lair_entry_lava,
          grunt_ogre_cave
D:10:     serial_shops, nicolae_shop_trees, uniq_sonja
D:11:     minmay_orc_entry_temple_small, serial_shops, shop, uniq_erolcha
D:12:     statue_in_the_mist_lemuel, uniq_nergalle
D:13:     serial_corexii_hall, corexii_hall_statues_l, corexii_hall_statues_x,
          basic_loot_grate_trap, nicolae_two_hexagons
D:14:     hangedman_vaults_entry_quadrant_bands, minivault_23,
          gammafunk_ghost_necromancy
D:15:     grunt_enter_depths_snipers, lemuel_coloured_pillars_altar,
          serial_shops, shop
Lair:1:   minmay_holes, uniq_joseph, uniq_gastronok
Lair:2:   uniq_fannar
Lair:3:   swamp_mist_pool, basic_altar, serial_bayou_shore_b
Lair:4:   spider_nest_entry_a, uniq_kirke, uniq_harold
Lair:5:   uniq_josephine
Lair:6:   grunt_lair_end_beastmaster, dpeg_slime_entry_corner
Swamp:1:  nicolae_swamp_very_dense_foliage, uniq_aizul
Swamp:2:  evilmike_swamp_ruin_rubble_2
Swamp:3:  hangedman_swamp_ruin_hall
Swamp:4:  swamp, swamp_pool4
Orc:1:    biasface_ghost_orc_armoury, guppyfry_orc_lava_fort
Orc:2:    st_orc_congregation, serial_shops, shop, minmay_orc_treasury
Elf:1:    kennysheep_underground_church
Elf:2:    serial_shops, shop, shop_statue, shop_fountains
Abyss:2:  minivault_23, evilmike_abyss_exit_7

Skill      XL: |  1  2  3  4  5  6  7  8  9 10 11 12 13 14 15 16 17 |
---------------+----------------------------------------------------+-----
Fire Magic     | 4 5 6 7 8 10 11 12 13 15 16 17 | 17.1
Conjurations   | 2 3 4 5 6 8 9 11 12 14 15 16 17 | 17.9
Spellcasting   | 4 5 6 8 10 11 13 15 17 18 20 21 22 | 22.0
Dodging        | 3 4 5 6 |  6.0
Fighting       | 1 2 |  2.6
Stealth        | 3 4 5 |  5.7
Shields        | 1 2 4 5 |  5.6
Earth Magic    | 4 5 |  5.2
Translocations | 3 6 8 |  8.7
Evocations     | |  0.4

Action                   |  1- 3 |  4- 6 |  7- 9 | 10-12 | 13-15 | 16-18 || total
-------------------------+-------+-------+-------+-------+-------+-------++-------
Melee: Staff             |       |       |     1 |       |     1 |       ||     2
 Cast: Flame Tongue      |    78 |   101 |   174 |   230 |   414 |    35 ||  1032
       Conjure Flame     |       |     2 |     4 |     4 |    16 |     2 ||    28
       Throw Flame       |       |     6 |    24 |    11 |    31 |     4 ||    76
       Sticky Flame      |       |     2 |    33 |    55 |    81 |     8 ||   179
       Fireball          |       |       |     2 |   107 |   353 |   271 ||   733
       Throw Icicle      |       |       |       |       |     1 |       ||     1
       Iron Shot         |       |       |       |       |    73 |    47 ||   120
       Bolt of Magma     |       |       |       |       |    32 |    11 ||    43
Evoke: Wand              |       |       |       |     7 |     1 |       ||     8
  Use: Scroll            |       |       |     9 |    13 |    19 |     5 ||    46
       Potion            |       |       |       |       |       |     1 ||     1
  Eat: Chunk             |     2 |     7 |     9 |    19 |    55 |    22 ||   114
       Ration            |       |       |     1 |     1 |       |       ||     2
Armor: Robe              |     9 |     3 |    11 |    12 |    31 |    10 ||    76
Dodge: Dodged            |    38 |    23 |    26 |    40 |   111 |    30 ||   268
Block: Buckler           |       |       |    30 |    41 |    68 |    16 ||   155

Table legend:
 A = Spawn XP
 B = Non-spawn XP
 C = Spawn XP percentage of total XP
 D = Spawn monster count
 E = Non-spawn monster count
 F = Spawn count percentage of total count
 G = Total turns spent on level
                    A         B        C        D         E        F      G
               +---------+---------+-------+---------+---------+-------+---------
         Total |    4036 |  265033 |   1.5 |      11 |     982 |   1.1 | 38000
               +---------+---------+-------+---------+---------+-------+---------
           D:1 |       0 |      48 |   0.0 |       0 |      18 |   0.0 |   906
           D:2 |       0 |      46 |   0.0 |       0 |      21 |   0.0 |  1123
           D:3 |       0 |     397 |   0.0 |       0 |      41 |   0.0 |  1565
           D:4 |       0 |     464 |   0.0 |       0 |      11 |   0.0 |   829
           D:5 |       0 |     112 |   0.0 |       0 |       7 |   0.0 |  1120
           D:6 |       0 |    1556 |   0.0 |       0 |      30 |   0.0 |  1166
           D:7 |       0 |    2349 |   0.0 |       0 |      40 |   0.0 |  1171
           D:8 |       0 |    3388 |   0.0 |       0 |      29 |   0.0 |  1000
           D:9 |       0 |    3187 |   0.0 |       0 |      44 |   0.0 |  1585
          D:10 |       0 |    3113 |   0.0 |       0 |      18 |   0.0 |  1266
          D:11 |       0 |    8630 |   0.0 |       0 |      37 |   0.0 |  1146
          D:12 |       0 |    3934 |   0.0 |       0 |      16 |   0.0 |   990
          D:13 |       0 |    7859 |   0.0 |       0 |      38 |   0.0 |  1265
          D:14 |       0 |   22784 |   0.0 |       0 |      58 |   0.0 |  2328
          D:15 |       0 |   19924 |   0.0 |       0 |      42 |   0.0 |  1204
        Lair:1 |       0 |    6057 |   0.0 |       0 |      15 |   0.0 |   936
        Lair:2 |       0 |    6484 |   0.0 |       0 |      19 |   0.0 |  1082
        Lair:3 |       0 |    5943 |   0.0 |       0 |      26 |   0.0 |  1353
        Lair:4 |       0 |   10193 |   0.0 |       0 |      30 |   0.0 |  1297
        Lair:5 |       0 |    4697 |   0.0 |       0 |      17 |   0.0 |   956
        Lair:6 |       0 |   16790 |   0.0 |       0 |      40 |   0.0 |  2052
       Swamp:1 |       0 |    7138 |   0.0 |       0 |      13 |   0.0 |   885
       Swamp:2 |       0 |    8408 |   0.0 |       0 |      22 |   0.0 |  1049
       Swamp:3 |       0 |   16389 |   0.0 |       0 |      33 |   0.0 |   999
       Swamp:4 |       0 |   40103 |   0.0 |       0 |      58 |   0.0 |  1434
         Orc:1 |       0 |   11223 |   0.0 |       0 |      45 |   0.0 |  2216
         Orc:2 |       0 |   24347 |   0.0 |       0 |     160 |   0.0 |  3246
         Elf:1 |       0 |   18512 |   0.0 |       0 |      36 |   0.0 |  1147
         Elf:2 |       0 |    7053 |   0.0 |       0 |      11 |   0.0 |   203
       Abyss:2 |    4036 |    3905 |  50.8 |      11 |       7 |  61.1 |   481
               +---------+---------+-------+---------+---------+-------+---------
